 Dungeon Crawl Stone Soup version 0.27-a0-1202-ge72e49191c (webtiles) character file.

Game seed: 14357297092904801670

3777 Glokmah the Blocker (level 10, -5/79 HPs)
             Began as a Formicid Fighter on June 4, 2021.
             Was an Elder of Okawaru.
             Slain by a swamp worm (17 damage)
             ... on level 8 of the Dungeon.
             The game lasted 00:15:33 (9539 turns).

Glokmah the Blocker (Formicid Fighter)              Turns: 9539, Time: 00:15:34

Health: -5/79      AC: 11    Str: 21    XL:     10   Next: 38%
Magic:  13/13      EV:  7    Int:  8    God:    Okawaru [****..]
Gold:   404        SH: 14    Dex: 19    Spells: 9/9 levels left

rFire    . . .     SeeInvis +   b - +8 whip of Putrescence {vorpal, rElec}
rCold    . . .     Faith    +   c - +1 kite shield
rNeg     . . .     Spirit   .   e - +0 chain mail {rPois}
rPois    +         Reflect  .   (helmet unavailable)
rElec    +         Harm     .   B - +0 cloak
rCorr    .         Rampage  .   (no gloves)
Will     ++...                  h - +0 pair of boots
Stlth    ..........             o - amulet of faith
HPRegen  0.23/turn              C - +6 ring of dexterity
MPRegen  0.13/turn              t - ring of willpower

@: very slow
A: permanent stasis, dig shafts and tunnels, antennae 3, four strong arms
a: Dig, Shaft Self, Renounce Religion, Heroism


You were on level 8 of the Dungeon.
You worshipped Okawaru.
Okawaru was greatly pleased with you.
You visited 2 branches of the dungeon, and saw 9 of its levels.

You collected 404 gold pieces.

Inventory:

Hand Weapons
 a - a +0 war axe
 b - the +8 whip of Putrescence (weapon) {vorpal, rElec}
   (You took it off an orc on level 4 of the Dungeon)

   It inflicts extra damage upon your enemies.
   It insulates you from electricity.
Missiles
 j - 11 poisoned darts
 m - 90 bolts
 J - a throwing net
Armour
 c - a +1 kite shield (worn)
 e - a +0 chain mail of poison resistance (worn)
 h - a +0 pair of boots (worn)
 B - a +0 cloak (worn)
Jewellery
 g - an amulet of reflection
 k - a ring of ice
 o - an amulet of faith (around neck)
 p - a ring of wizardry
 t - a ring of willpower (right hand)
 C - a +6 ring of dexterity (left hand)
Wands
 s - a wand of flame (27) (quivered)
 x - a wand of mindburst (13)
 y - a wand of iceblast (9)
 z - a wand of charming (8)
 G - a wand of polymorph (6)
Scrolls
 q - 2 scrolls of identify
 u - 4 scrolls of magic mapping
 I - a scroll of fear
Potions
 d - 2 potions of might
 f - a potion of magic
 i - 2 potions of brilliance
 n - 3 potions of heal wounds {unknown}
 r - a potion of invisibility {unknown}
 v - a potion of degeneration {unknown}
 w - a potion of mutation {unknown}
 A - 2 potions of flight {unknown}
 D - a potion of lignification {unknown}
 F - a potion of ambrosia {unknown}


   Skills:
 + Level 7.2 Fighting
 + Level 7.5(8.0) Axes
 + Level 4.1(6.3) Maces & Flails
 * Level 1.4 Crossbows
 - Level 3.2 Armour
 * Level 10.7 Shields
 + Level 5.2 Invocations
 - Level 1.3 Evocations


You had 9 spell levels left.
You didn't know any spells.
Your spell library contained the following spells:

 Spells                   Type           Power      Damage    Failure   Level
 Magic Dart               Conj           0%         1d3       99%         1
 Call Imp                 Summ           0%         N/A       99%         2
 Slow                     Hex            0%         N/A       99%         2
 Confusing Touch          Hex            0%         N/A       100%        3
 Conjure Flame            Conj/Fire      0%         6-21      100%        3
 Gell's Gravitas          Tloc           0%         N/A       100%        3
 Mephitic Cloud           Conj/Pois/Air  0%         N/A       100%        3
 Petrify                  Tmut/Erth      0%         N/A       100%        4
 Metabolic Englaciation   Hex/Ice        0%         N/A       100%        5
 Yara's Violent Unravell  Hex/Tmut       0%         3d3       100%        5
 Blink                    Tloc           Unusable   N/A       N/A         2

Dungeon Overview and Level Annotations

Branches:
Dungeon (8/15)             Temple (1/1) D:4
   Lair: D:8-11

Altars:
Ashenzari
Cheibriados
Dithmenos
Elyvilon
Fedhas
Gozag
Hepliaklqana
Kikubaaqudgha
Makhleb
Nemelex Xobeh
Okawaru
Qazlal
Ru
Sif Muna
Trog
Uskayaw
Vehumet
Wu Jian
Xom
Zin
The Shining One


Innate Abilities, Weirdness & Mutations

You cannot be hasted, slowed, berserked, paralysed or teleported.
You can dig through walls and to a lower floor.
You have a pair of large antennae on your head. (SInv)
Your four strong arms can wield two-handed weapons with a shield.


Message History

The swamp worm bites you!
Your unstable footing causes you to fumble your attack.
You block the swamp worm's attack.
The swamp worm bites you but does no damage.
Your chain mail prevents you from hitting the swamp worm.
The swamp worm is lightly wounded.
You block the swamp worm's attack. The swamp worm bites you.
You closely miss the swamp worm.
The swamp worm is lightly wounded.
You block the swamp worm's attack.
You hit the swamp worm but do no damage.
You block the swamp worm's attack. x2
You hit the swamp worm.
The swamp worm is lightly wounded.
The swamp worm barely misses you. You block the swamp worm's attack.
Your unstable footing causes you to fumble your attack.
The swamp worm bites you!
* * * LOW HITPOINT WARNING * * *
You block the swamp worm's attack.
You whack the swamp worm!
The swamp worm is moderately wounded.
You block the swamp worm's attack. The swamp worm barely misses you.
You whack the swamp worm!
The swamp worm is severely wounded.
You block the swamp worm's attack. x2
You hit the swamp worm.
The swamp worm is almost dead.
The swamp worm bites you but does no damage.
The swamp worm closely misses you.
Your unstable footing causes you to fumble your attack.
The swamp worm bites you.
* * * LOW HITPOINT WARNING * * *
The swamp worm barely misses you.
You whack the swamp worm!
You kill the swamp worm!
Okawaru accepts your kill. The swamp worm bites you!
* * * LOW HITPOINT WARNING * * *
You feel better. The swamp worm bites you!
You die...

#.. ###################..
#....................
#....................
#....................
##....................
####.....................
#..).≈≈≈≈≈...............
#.##≈≈≈≈@≈≈..............
#.##≈≈≈w†≈≈..##.....#####
#.#≈≈##≈##≈≈.##.....#
#.≈≈≈#≈≈≈#≈≈≈##.....#
#.≈≈##≈≈≈##≈≈##.....#
#.≈≈#≈?≈≈≈#≈≈##.....#
#.≈≈##≈≈ ##≈≈##.....#
#†≈≈≈#≈) #≈≈≈##.....#
#..≈≈## ##≈≈###.....#


You could see a swamp worm.

Vanquished Creatures
  Pikel (D:7)
  Prince Ribbit (D:6)
  Sigmund (D:3)
  A swamp worm (D:8)
  Duvessa (D:4)
  A water moccasin (D:5)
  A black bear (D:6)
  4 sky beasts
  2 necrophages
  2 orc warriors
  An ice beast (D:7)
  An ogre (D:6)
  3 centaurs
  3 phantoms
  Blork the orc (D:4)
  3 bullfrogs (D:8)
  2 scorpions
  Dowan (D:4)
  2 water moccasin skeletons
  2 jellies
  6 hounds
  2 orc priests
  Crazy Yiuf (D:3)
  3 centaur skeletons
  A bullfrog skeleton (D:6)
  2 orc wizards (D:4)
  A howler monkey zombie (D:7)
  A gnoll (D:4)
  5 adders
  4 river rats (D:4)
  A shadow imp (D:5)
  An ufetubus (D:5)
  An adder skeleton (D:4)
  3 worms
  A dart slug (D:3)
  17 orcs
  6 bats
  4 endoplasms
  7 giant cockroaches
  10 goblins
  8 hobgoblins
  7 jackals (D:1)
  2 quokkas
  10 ball pythons
  3 frilled lizards
  6 kobolds
  5 rats
152 creatures vanquished.

Vanquished Creatures (others)
  A hound skeleton (D:4)
  3 gnolls (D:4)
  A goblin (D:4)
  5 plants
10 creatures vanquished.

Grand Total: 162 creatures vanquished

Notes
Turn   | Place    | Note
-------+----------+-------------------------------------------
     0 | D:1      | Glokmah the Formicid Fighter began the quest for the Orb.
     0 | D:1      | Reached XP level 1. HP: 18/18 MP: 1/1
    70 | D:1      | Reached XP level 2. HP: 15/24 MP: 2/2
   213 | D:1      | Reached skill level 4 in Shields
   454 | D:1      | Reached XP level 3. HP: 29/29 MP: 3/3
  1422 | D:2      | Reached XP level 4. HP: 34/37 MP: 4/4
  2046 | D:2      | Found a faded altar of an unknown god.
  2394 | D:3      | Found a shimmering blue altar of Sif Muna.
  2437 | D:3      | Reached XP level 5. HP: 41/42 MP: 5/5
  2446 | D:3      | Reached skill level 5 in Shields
  2740 | D:3      | Found a broken altar of Ashenzari.
  2843 | D:3      | Noticed Sigmund
  2852 | D:3      | Killed Sigmund
  2853 | D:3      | Reached skill level 6 in Shields
  2853 | D:3      | Reached XP level 6. HP: 42/49 MP: 6/6
  3122 | D:3      | Found a runed translucent door.
  3123 | D:3      | Noticed Crazy Yiuf
  3185 | D:3      | Found a stormy altar of Qazlal.
  3387 | D:4      | Noticed Duvessa
  3582 | D:4      | Found a sacrificial altar of Ru.
  3638 | D:4      | Reached XP level 7. HP: 32/55 MP: 7/7
  3878 | D:4      | Reached skill level 5 in Axes
  3948 | D:4      | Noticed Dowan
  3985 | D:4      | Killed Duvessa
  3986 | D:4      | Reached skill level 5 in Fighting
  3986 | D:4      | Reached skill level 7 in Shields
  3994 | D:4      | Killed Dowan
  3995 | D:4      | Reached XP level 8. HP: 17/62 MP: 8/8
  4305 | D:4      | Found a staircase to the Ecumenical Temple.
  4314 | Temple   | Entered the Ecumenical Temple
  4397 | Temple   | Became a worshipper of Warmaster Okawaru
  4677 | D:4      | Found a snail-covered altar of Cheibriados.
  4772 | D:4      | Noticed Blork the orc
  4891 | D:4      | Identified the +8 whip of Putrescence {vorpal, rElec}
  5077 | D:5      | Entered Level 5 of the Dungeon
  5425 | D:5      | Reached skill level 1 in Invocations
  5438 | D:5      | Reached * piety under Okawaru
  5439 | D:5      | Reached skill level 1 in Maces & Flails
  5439 | D:5      | Reached skill level 8 in Shields
  5641 | D:5      | Found a sparkling altar of Nemelex Xobeh.
  6269 | D:6      | Reached XP level 9. HP: 69/69 MP: 10/10
  6416 | D:6      | Reached ** piety under Okawaru
  6480 | D:6      | Reached skill level 9 in Shields
  7035 | D:6      | Noticed Prince Ribbit
  7214 | D:6      | Killed Prince Ribbit
  7235 | D:6      | You fall into a shaft and drop 2 floors!
  7235 | D:8      | Found a bloodstained altar of Trog.
  7329 | D:8      | Reached *** piety under Okawaru
  7436 | D:8      | Found an ornate altar of the Wu Jian Council.
  7436 | D:8      | Found a hazy altar of Hepliaklqana.
  7754 | D:8      | Reached skill level 10 in Shields
  7923 | D:6      | Reached XP level 10. HP: 73/77 MP: 13/13
  8061 | D:4      | Killed Blork the orc
  8148 | D:3      | Killed Crazy Yiuf
  8411 | D:7      | Noticed Pikel
  8425 | D:7      | Killed Pikel
  8425 | D:7      | Reached **** piety under Okawaru
  8426 | D:7      | Reached skill level 1 in Crossbows
  8426 | D:7      | Reached skill level 5 in Invocations
  8426 | D:7      | Reached skill level 1 in Evocations
  8503 | D:7      | Found a shadowy altar of Dithmenos.
  8537 | D:7      | Identified the +1 rapier of Wisdom {drain, Dex+2}
  8928 | D:7      | Found a burning altar of Makhleb.
  8935 | D:7      | Found a white marble altar of Elyvilon.
  9539 | D:8      | Slain by a swamp worm

Illustrated notes

Levels and vault maps discovered:
D:1:      psy_arrival_basics, layout_basic
D:2:      layout_loops_corners, shapermc_ecumenical_altar_mp_ritualfount
D:3:      layout_loops_cross, nicolae_qazlal_eye_of_the_storm,
          nicolae_sif_muna_condensation, ashenzari_conservatory_becter,
          uniq_sigmund, uniq_crazy_yiuf_cottage
D:4:      layout_loops_cross, nicolae_overflow_crystal_walls,
          nicolae_overflow_hidden_temple, lemuel_temple_firewalk_a,
          portal_sewer_entry_e, nrook_uturn, ebering_dispersal_statue_hall,
          uniq_duvessa, uniq_blork_the_orc
D:5:      layout_cave_pools, nemelex_diamond_rough_becter
D:6:      layout_loops_corners, hangedman_abyss_or_decor_stagger,
          uniq_prince_ribbit1
D:7:      layout_loops_ring, amethyst_overflow_temple_binary,
          lemuel_crystal_altar, chequers_serial_rivers_micro_a, uniq_pikel
D:8:      layout_gridville, grunt_temple_overflow_open, trog_hazing_becter,
          worms_lemuel
Temple:   dpeg_three_leaves_temple

Skill      XL: |  1  2  3  4  5  6  7  8  9 10 |
---------------+-------------------------------+-----
Shields        | 4 6 7 8 10 | 10.7
Axes           | 3 4 5 6 7 |  7.5
Fighting       | 4 5 6 7 |  7.2
Invocations    | 2 4 5 |  5.2
Maces & Flails | 1 3 4 |  4.1
Crossbows      | 1 |  1.4
Evocations     | 1 |  1.3
Armour         | |  3.2

Action                   |  1- 3 |  4- 6 |  7- 9 | 10-12 || total
-------------------------+-------+-------+-------+-------++-------
Melee: War axe           |   105 |   127 |    86 |       ||   318
       Whip              |       |       |   182 |    86 ||   268
Invok: Heroism           |       |       |     1 |     1 ||     2
 Abil: Dig               |       |     1 |       |       ||     1
Evoke: Wand              |       |       |     3 |       ||     3
  Use: Scroll            |       |     4 |     3 |     2 ||     9
       Potion            |       |       |     1 |     1 ||     2
Armor: Scale mail        |    36 |    33 |       |       ||    69
       Chain mail        |       |    18 |    77 |    21 ||   116
Dodge: Dodged            |    37 |    45 |    63 |    15 ||   160
Block: Kite shield       |    82 |   122 |   161 |    47 ||   412
       Reflection        |       |       |     2 |       ||     2

Table legend: (Time is in decaauts)
 A = Elapsed time spent in this place.
 B = Non-inter-level travel time spent in this place.
 C = Inter-level travel time spent in this place.
 D = Time resting spent in this place.
 E = Time spent auto-exploring this place.
 F = Levels seen in this place.
 G = Mean time per level.
                   A        B        C        D        E       F      G
               +--------+--------+--------+--------+--------+-----+--------+
         Total |   9660 |   8713 |    947 |   1407 |   5252 |   9 | 1073.3 |
       Dungeon |   9567 |   8620 |    947 |   1407 |   5187 |   8 | 1195.9 |
        Temple |     92 |     92 |      0 |      0 |     65 |   1 |   92.0 |
               +--------+--------+--------+--------+--------+-----+--------+

Top non-repeatable levels by time:
     D:6: 1508 daAuts
     D:2: 1474 daAuts
     D:4: 1460 daAuts
     D:3: 1384 daAuts
     D:1: 1189 daAuts
     D:8: 899 daAuts
     D:7: 894 daAuts
     D:5: 756 daAuts
  Temple: 92 daAuts
